 Dungeon Sprint DCSS version 0.30.1-11-g7821555f0a (webtiles) character file.

Game seed: 12724514205167471014

886 Heoruswealwe the Spear-Bearer (level 7, -4/73 HPs)
             Began as a Minotaur Fighter on Nov 7, 2023.
             Was an Initiate of Gozag.
             Slain by a troll (9 damage)
             ... in the Dungeon (Sprint IX: "|||||||||||||||||||||||||||||").
             The game lasted 00:02:17 (160 turns).

Heoruswealwe the Spear-Bearer (Minotaur Fighter)     Turns: 160, Time: 00:02:18

Health: -4/73      AC: 16    Str: 23    XL:     7   Next: 77%
Magic:  6/6        EV:  7    Int:  5    God:    Gozag
Gold:   0          SH:  0    Dex:  9    Spells: 6/6 levels left

rFire   . . .        b - +2 halberd (venom)
rCold   . . .        (shield currently unavailable)
rNeg    . . .        c - +0 plate armour
rPois   .            (helmet restricted)
rElec   .            h - +0 cloak
rCorr   .            (no gloves)
SInv    .            (no boots)
Will    .....        (no amulet) Stlth
                     (no ring)
HPRegen 0.32/turn    (no ring)
MPRegen 0.10/turn

%: no teleportation
@: gold aura
A: horns 2, retaliatory headbutt
a: Renounce Religion, Potion Petition, Call Merchant, Bribe Branch


You were in the Dungeon.
You worshipped Gozag.
Gozag was noncommittal.
You visited 1 branch

Inventory:

Hand Weapons
 a - a +0 trident
 b - a +2 halberd of venom (weapon)
Armour
 c - a +0 plate armour (worn)
 d - a +0 buckler
 h - a +0 cloak (worn)
Wands
 l - a wand of acid (10)
Scrolls
 j - 2 scrolls of blinking
Potions
 e - 4 potions of curing
 g - a potion of haste
 i - a potion of berserk rage
 k - a potion of might


   Skills:
 + Level 10.9 Fighting
 * Level 14.4 Polearms
 + Level 10.9 Armour
 - Level 3.6 Shields


You had 6 spell levels left.
You didn't know any spells.
Your spell library was empty.

Dungeon Overview and Level Annotations

Branches:
Dungeon (1/1)

Altars:
Cheibriados
Dithmenos
Elyvilon
Fedhas
Gozag
Hepliaklqana
Kikubaaqudgha
Makhleb
Nemelex Xobeh
Okawaru
Qazlal
Ru
Sif Muna
Trog
Uskayaw
Vehumet
Wu Jian
Xom
Yredelemnul
Zin
The Shining One
Jiyva
Lugonu


Innate Abilities, Weirdness & Mutations

You have a pair of horns on your head.
You reflexively headbutt those who attack you in melee.


Message History

The troll shouts!
You puncture something!
You hear some strange, mumbled words.
A magic dart appears from out of thin air!
The magic dart hits you!
You closely miss something. You closely miss something.
Your headbutt misses something.
You hear some strange, mumbled words.
A magic dart appears from out of thin air!
The magic dart hits you.
You closely miss something.
The troll is no longer distracted by gold.
Something hits you but does no damage.
You barely miss something. Something hits you but does no damage.
You slash something!
Reactivating autopickup.
You feel a bit more experienced.
Reach: b) +2 halberd (venom)
Press: ? - help, Dir - move target, f - troll
Aim: a troll (about 35% to evade your +2 halberd of venom)
You reach to attack!
You barely miss the troll. You closely miss the troll. The troll bites you!
* * * LOW HITPOINT WARNING * * *
The troll claws you but does no damage. The troll barely misses you.
You barely miss the troll. You headbutt the troll.
The troll is lightly wounded.
The troll barely misses you. You furiously retaliate!
You headbutt the troll! The troll claws you!
* * * LOW HITPOINT WARNING * * *
The troll claws you but does no damage.
You feel better. The troll bites you.
* * * LOW HITPOINT WARNING * * *
The troll claws you but does no damage. x2
You hit the troll.
The troll is poisoned.
The troll is moderately wounded.
The troll bites you!
* * * LOW HITPOINT WARNING * * *
The troll barely misses you. The troll claws you!
You die...
Your body crumbles into a pile of gold. ▓▓▓▓▓▓▓▓▓▓▓▓▓▓▓▓▓▓▓▓▓▓▓ _____'!?)[[=...'@T....+ ▓▓▓▓▓▓▓▓▓▓▓▓▓▓▓▓▓▓▓▓▓▓▓ $ $$$$ $$$$$ $ $ $ $$$$$

You could see a troll (very poisoned).

Vanquished Creatures
  A two-headed ogre (D)
  A yak (D)
  A centaur (D)
  A gnoll bouda (D)
  An orc priest (D)
  An orc wizard (D)
  An adder (D)
  3 dart slugs (D)
  2 orcs (D)
  A ball python (D)
  A bat (D)
  A goblin (D)
15 creatures vanquished.

Notes
Turn   | Place    | Note
-------+----------+-------------------------------------------
     0 | D        | Heoruswealwe the Minotaur Fighter began the quest for the
                  | Orb.
     0 | D        | Reached XP level 1. HP: 19/19 MP: 0/0
     7 | D        | Reached skill level 3 in Polearms
    10 | D        | Reached skill level 4 in Polearms
    12 | D        | Reached XP level 2. HP: 28/28 MP: 1/1
    23 | D        | Reached skill level 5 in Polearms
    37 | D        | Reached skill level 5 in Fighting
    37 | D        | Reached skill level 6 in Polearms
    37 | D        | Reached skill level 5 in Armour
    37 | D        | Reached XP level 3. HP: 10/36 MP: 2/2
    51 | D        | Found a snail-covered altar of Cheibriados.
    51 | D        | Found a shadowy altar of Dithmenos.
    51 | D        | Found a white marble altar of Elyvilon.
    51 | D        | Found a blossoming altar of Fedhas.
    51 | D        | Found an opulent altar of Gozag.
    52 | D        | Found a hazy altar of Hepliaklqana.
    53 | D        | Found a viscous altar of Jiyva.
    54 | D        | Found an ancient bone altar of Kikubaaqudgha.
    55 | D        | Found a corrupted altar of Lugonu.
    56 | D        | Found a burning altar of Makhleb.
    57 | D        | Found a sparkling altar of Nemelex Xobeh.
    58 | D        | Found an iron altar of Okawaru.
    59 | D        | Became a worshipper of Gozag Ym Sagoz the Greedy
    60 | D        | Found a stormy altar of Qazlal.
    61 | D        | Found a sacrificial altar of Ru.
    62 | D        | Found a shimmering blue altar of Sif Muna.
    63 | D        | Found a bloodstained altar of Trog.
    64 | D        | Found a hide-covered altar of Uskayaw.
    65 | D        | Found a radiant altar of Vehumet.
    66 | D        | Found an ornate altar of the Wu Jian Council.
    67 | D        | Found a shimmering altar of Xom.
    68 | D        | Found a basalt altar of Yredelemnul.
    69 | D        | Found a glowing silver altar of Zin.
    70 | D        | Found a glowing golden altar of the Shining One.
   131 | D        | Noticed a centaur
   131 | D        | Noticed a yak
   131 | D        | Noticed a two-headed ogre
   131 | D        | Noticed a troll
   135 | D        | Killed a centaur
   136 | D        | Reached skill level 8 in Polearms
   136 | D        | Reached XP level 4. HP: 36/45 MP: 3/3
   139 | D        | Reached skill level 9 in Polearms
   139 | D        | Reached XP level 5. HP: 43/52 MP: 4/4
   141 | D        | Killed a yak
   142 | D        | Reached skill level 11 in Polearms
   142 | D        | Reached XP level 6. HP: 52/62 MP: 5/5
   147 | D        | Killed a two-headed ogre
   148 | D        | Reached skill level 10 in Fighting
   148 | D        | Reached skill level 14 in Polearms
   148 | D        | Reached skill level 10 in Armour
   148 | D        | Reached XP level 7. HP: 38/73 MP: 6/6
   160 | D        | Slain by a troll

Illustrated notes

Levels and vault maps discovered:
D:        linesprint [early_d, line_temple, items_1, d_10, items_2, lair_1,
          lair_end, items_3, orc_1, orc_end, items_4, d_15, swamp_1, shoals_1,
          snake_1, spider_1, d_20, vaults_1, items_5, swamp_end, shoals_end,
          snake_end, spider_end, vaults_end, d_27, items_6, zot_1, zot_end,
          crypt_end, forest_end, elf_end, slime_end, tomb_end, abyss_end,
          pan_hell_end]

Skill      XL: |  1  2  3  4  5  6 |
---------------+-------------------+-----
Polearms       | 4 6 8 9 11 14 | 14.4
Fighting       | 4 5 6 7 8 10 | 10.9
Armour         | 4 5 6 7 8 10 | 10.9
Shields        | |  3.6

Action                     |  1- 3 |  4- 6 |  7- 9 || total
---------------------------+-------+-------+-------++-------
  Melee: Trident           |    32 |       |       ||    32
         Headbutt          |     8 |     2 |     1 ||    11
         Halberd           |     3 |     9 |    11 ||    23
    Use: Potion            |     1 |     2 |     1 ||     4
 Armour: Scale mail        |     9 |       |       ||     9
         Plate armour      |     8 |     5 |     7 ||    20
  Dodge: Dodged            |    13 |     1 |     3 ||    17
  Block: Buckler           |     3 |       |       ||     3
